 Dungeon Crawl Stone Soup version 0.30.0-29-ga12c61a403 (webtiles) character file.

Game seed: 18381553684801849022

480 BONEBRO the Skirmisher (level 7, -4/51 HPs)
             Began as a Barachi Hunter on June 13, 2023.
             Was an Initiate of Okawaru.
             Killed from afar by an orc wizard (7 damage)
             ... with a magic dart
             ... on level 5 of the Dungeon.
             The game lasted 00:18:21 (3341 turns).

BONEBRO the Skirmisher (Barachi Hunter)             Turns: 3341, Time: 00:18:21

Health: -4/51      AC:  7    Str: 15    XL:     7   Next: 11%
Magic:  7/7        EV: 12    Int:  9    God:    Okawaru [......]
Gold:   252        SH:  0    Dex: 18    Spells: 6/6 levels left

rFire   . . .        a - +0 shortbow
rCold   . . .        (shield currently unavailable)
rNeg    + . .        c - +0 leather armour
rPois   .            (no helmet)
rElec   .            s - +0 cloak
rCorr   .            D - +1 pair of gloves
SInv    .            j - +0 pair of boots of Past Mistakes {Str+3}
Will    .....        (no amulet)
Stlth   ++           t - ring of positive energy
HPRegen 0.28/turn    (no ring)
MPRegen 0.10/turn

%: no passive effects
@: lethally poisoned (-4 -> -16), hasted, quick
A: amphibious, slowness 1, strong legs 1, +LOS
a: Hop, Renounce Religion


You were on level 5 of the Dungeon.
You worshipped Okawaru.
Okawaru was noncommittal.
You visited 2 branches of the dungeon, and saw 6 of its levels.

You collected 252 gold pieces.

Inventory:

Hand Weapons
 a - a +0 shortbow (weapon)
Armour
 c - a +0 leather armour (worn)
 j - the +0 pair of boots of Past Mistakes (worn) {Str+3}
   (You found it on level 2 of the Dungeon)

   Str:       It affects your strength (+3).
 s - a +0 cloak (worn)
 v - a +0 barding
 D - a +1 pair of gloves (worn)
Jewellery
 t - a ring of positive energy (left hand)
Wands
 y - a wand of digging (5)
 B - a wand of charming (6)
 C - a wand of acid (6)
Scrolls
 b - a scroll of immolation
 d - 3 scrolls of teleportation
 e - a scroll of magic mapping {unknown}
 g - a scroll of enchant weapon {unknown}
 n - a scroll of blinking {unknown}
 o - a scroll of fog {unknown}
 r - a scroll of poison {unknown}
 u - a scroll of amnesia {unknown}
 x - 2 scrolls of summoning
 E - 3 scrolls of torment {unknown}
Potions
 f - a potion of invisibility {unknown}
 h - a potion of heal wounds {unknown}
 i - a potion of experience {unknown}
 k - a potion of brilliance {unknown}
 l - a potion of lignification {unknown}
 m - 2 potions of haste
 p - a potion of might {unknown}
 q - 2 potions of attraction
 w - a potion of degeneration {unknown}
 z - 2 potions of flight
 A - a potion of curing {unknown}


   Skills:
 - Level 2.4 Fighting
 + Level 8.3 Ranged Weapons
 - Level 2.1 Dodging
 - Level 0.8 Stealth


You had 6 spell levels left.
You didn't know any spells.
Your spell library contained the following spells:

 Spells                   Type           Power      Damage    Failure   Level
 Ignite Poison            Fire/Tmut/Pois 0%         N/A       83%         3
 Sticky Flame             Conj/Fire      0%         2d3       99%         4
 Ignition                 Fire           0%         3d3       100%        8


Dungeon Overview and Level Annotations

Branches:
Dungeon (5/15)             Temple (1/1) D:5

Altars:
Cheibriados
Elyvilon
Gozag
Kikubaaqudgha
Makhleb
Okawaru
Ru
Vehumet
Wu Jian
Xom
Zin
The Shining One

Shops:
D:5 =


Innate Abilities, Weirdness & Mutations

You are amphibious.
You cover ground slowly.
You can hop short distances.
You have an extended range of vision and can be seen from far away.


Message History

No target in view!
No target in view!
Fire: a) +0 shortbow
Press: ? - help, Q - select action, (/) - cycle Shift-Dir - straight line You shoot an arrow.
You feel very sick. Something hits you but does no damage.
You shoot an arrow.
You feel very sick. Something hits you but does no damage.
You are more poisoned.
You shoot an arrow.
You feel very sick. Something hits you but does no damage.
You are more poisoned.
You shoot an arrow.
You feel very sick. Something hits you.
You are more poisoned.
You shoot an arrow.
You feel extremely sick. Something barely misses you.
You hear some strange, mumbled words.
A puff of flame appears from out of thin air!
The puff of flame hits you.
Okay, then.
You feel yourself speed up.
* * * LOW HITPOINT WARNING * * *
You feel very sick.
You hear some strange, mumbled words.
A puff of flame appears from out of thin air!
The puff of flame hits you!
* * * LOW HITPOINT WARNING * * *
* * * LOW HITPOINT WARNING * * *
You feel very sick.
* * * LOW HITPOINT WARNING * * *
You feel very sick.
A magic dart appears from out of thin air!
The magic dart hits you!
You die...

#.......# ###### #.......#
#....##### #.......#
#.8⌠.....# #.......#
##......#.# #.......#
#..8⌠.>.#.# #.......#
#.......#.### #.......#
#..8⌠.##....#
#∩......######.....##....#
o##.{..@...............#
....).).#############.....#
###)###. #.....# #!.# ##
#.####. #<# #.# #.
#.......l...# #.# #.
########.##....# #.# #. #.#
##.$# ..# #. ..# . .######.


There were no monsters in sight!

Vanquished Creatures
  Grinder (D:3)
  A scorpion (D:4)
  An iguana (D:5)
  An orc wizard (D:4)
  A sleepcap (D:4)
  4 gnolls (D:4)
  An adder (D:3)
  3 dart slugs
  10 orcs
  9 ball pythons
  8 endoplasms
  5 giant cockroaches
  10 goblins
  9 hobgoblins
  3 jackals (D:2)
  10 kobolds
  3 quokkas
  6 bats
  5 frilled lizards
  3 rats
94 creatures vanquished.

Notes
Turn   | Place    | Note
-------+----------+-------------------------------------------
     0 | D:1      | BONEBRO the Barachi Hunter began the quest for the Orb.
     0 | D:1      | Reached XP level 1. HP: 17/17 MP: 1/1
    78 | D:1      | Reached XP level 2. HP: 23/23 MP: 2/2
   235 | D:1      | Reached XP level 3. HP: 28/28 MP: 3/3
   244 | D:1      | Reached skill level 5 in Ranged Weapons
   747 | D:2      | Identified the +0 pair of boots of Past Mistakes {Str+3}
  1155 | D:2      | Reached XP level 4. HP: 34/34 MP: 4/4
  1934 | D:3      | Found a sacrificial altar of Ru.
  1935 | D:3      | Noticed Grinder
  1954 | D:3      | Killed Grinder
  1955 | D:3      | Reached skill level 7 in Ranged Weapons
  1955 | D:3      | Reached XP level 5. HP: 21/39 MP: 5/5
  1955 | D:3      | Reached XP level 6. HP: 24/46 MP: 6/6
  2462 | D:4      | Reached skill level 8 in Ranged Weapons
  2622 | D:4      | Reached XP level 7. HP: 51/51 MP: 7/7
  2721 | D:4      | Identified the +3 war axe "Kureoqub" {heavy, rF+ rC++
                  | Str+4}
  3114 | D:5      | Entered Level 5 of the Dungeon
  3202 | D:5      | Found a staircase to the Ecumenical Temple.
  3218 | Temple   | Entered the Ecumenical Temple
  3297 | Temple   | Became a worshipper of Warmaster Okawaru
  3323 | D:5      | Found Ziupsigy's Jewellery Emporium.
  3341 | D:5      | Killed from afar by an orc wizard

Illustrated notes

Levels and vault maps discovered:
D:1:      scummos_arrival_hexagon, layout_loops_ring, minmay_tripent
D:2:      kennysheep_six_static_rooms, layout_basic, nicolae_titane
D:3:      layout_rooms, nicolae_ru_path_of_blood, kennysheep_crisscross,
          uniq_grinder
D:4:      layout_basic
D:5:      layout_rooms, minmay_temple_entry_drinking_statues, serial_shops, shop
Temple:   nicolae_temple_bog_church

Skill      XL: |  1  2  3  4  5  6 |
---------------+-------------------+-----
Ranged Weapons | 5 7 8 |  8.3
Fighting       | |  2.4
Dodging        | |  2.1
Stealth        | |  0.8

Action                     |  1- 3 |  4- 6 |  7- 9 || total
---------------------------+-------+-------+-------++-------
   Fire: Shortbow          |   115 |   127 |    42 ||   284
Ability: Hop               |     1 |     1 |       ||     2
    Use: Scroll            |       |       |     5 ||     5
         Potion            |       |       |     1 ||     1
 Armour: Leather armour    |    13 |     9 |     9 ||    31
  Dodge: Dodged            |    26 |    18 |     5 ||    49
